 Dungeon Crawl Stone Soup version 0.19.5 (webtiles) character file.

924 McKennaii the Slasher (level 7, -1/55 HPs)
             Began as a Demonspawn Abyssal Knight on Apr 29, 2017.
             Was an Elder of Lugonu.
             Succumbed to a killer bee's poison
             ... on level 5 of the Dungeon.
             The game lasted 00:16:11 (6175 turns).

McKennaii the Slasher (Demonspawn Abyssal Knight)   Turns: 6175, Time: 00:16:11

Health: -1/55      AC:  7    Str: 12    XL:     7   Next: 84%
Magic:  4/18       EV: 10    Int: 14    God:    Lugonu [****..]
Gold:   298        SH:  0    Dex: 14    Spells: 0 memorised, 6 levels left

rFire  + . .     SeeInvis .     a - +1 falchion
rCold  + . .     Gourm    .     v - +0 scale mail
rNeg   . . .     Faith    .     (no shield)
rPois  +         Spirit   +     (helmet restricted)
rElec  +         Reflect  .     (no cloak)
rCorr  +         Harm     .     (no gloves)
MR     .....                    (no boots)
Stlth  +.........               (no amulet)
                                (no ring)
                                f - ring of magical power

@: lethally poisoned (-1 -> -25), resistant
A: beak, claws 1, hooves 1, mutation resistance 1, nightstalker 1, magic shield,
magic regeneration
a: Depart the Abyss, Bend Space, Banish, Corrupt, Renounce Religion


You were on level 5 of the Dungeon.
You worshipped Lugonu.
Lugonu was greatly pleased with you.
You were hungry.

You visited 1 branch of the dungeon, and saw 6 of its levels.
You visited the Abyss 1 time.

You collected 298 gold pieces.

Inventory:

Hand Weapons
 a - a +1 falchion (weapon)
Armour
 v - a +0 scale mail (worn)
Jewellery
 f - a ring of magical power (left claw)
 u - an uncursed amulet of the gourmand {unknown}
Wands
 o - a wand of flame (12/48)
 q - a wand of flame (13/48)
Scrolls
 b - a scroll of remove curse {unknown}
 e - a scroll of immolation {unknown}
 g - 6 scrolls of identify {unknown}
 j - a scroll of magic mapping {unknown}
 n - 2 scrolls of blinking {unknown}
 r - a scroll of random uselessness {unknown}
 t - 2 scrolls of amnesia {unknown}
 y - a scroll of teleportation {unknown}
Potions
 i - a potion of beneficial mutation
 k - 2 potions of curing {unknown}
 l - 2 potions of flight {unknown}
 p - 3 potions of lignification {unknown}
 s - 2 potions of brilliance {unknown}
 w - a potion of cure mutation {unknown}
 x - 2 potions of heal wounds {unknown}
Comestibles
 c - 4 bread rations
 d - 3 meat rations
 m - a royal jelly


   Skills:
 + Level 4.9 Fighting
 + Level 5.1 Long Blades
 + Level 4.6 Armour
 + Level 2.7 Dodging
 + Level 0.4 Stealth
 + Level 3.2 Invocations


You had 6 spell levels left.
You didn't know any spells.

Dungeon Overview and Level Annotations

Branches:
Dungeon (6/15)             Temple (0/1) D:5

Altars:
Elyvilon
The Shining One

Annotations:
D:4 VanClaymore's ghost, amateur MfGl


Innate Abilities, Weirdness & Mutations

You have sharp fingernails.
You have large cloven feet.
You are slightly more attuned to the shadows.
When hurt, damage is shared between your health and your magic reserves.
You regenerate magic rapidly.
You have a beak for a mouth.
You are somewhat resistant to further mutation.


Message History

You climb upwards.
* * * LOW HITPOINT WARNING * * *
You feel very sick.
There is a stone staircase leading down here.
Okay, then.
Okay, then.
It was a potion of beneficial mutation.
You feel odd for a moment.
You feel fantastic for a moment.
* * * LOW HITPOINT WARNING * * *
You feel sick. The killer bee misses you. The killer bee closely misses you.
The killer bee stings you.
* * * LOW HITPOINT WARNING * * *
The killer bee stings you.
* * * LOW HITPOINT WARNING * * *
The killer bee barely misses you.
The killer bee stings you but does no damage.
It was a potion of resistance.
You feel protected.
You die...

#.......#.....####....†
#..####.#.......##.....
#..####.#.....#......#.
#............†...^..#..
##.#..#.##.##.......#.#
#.#..#.##.##.#####.#.#
#...........)..# ###.#
###..#y##.##.### #.#
#....@y.#.##...# #.#
#.#...y...####.# ###.#
#.#..#..#.# #.# ###'#
#.#.....#.# #.####⌠.⌠
#.#.###.#.# #....')>.
#.#.###.#.# ######⌠.⌠
#.........# #####
########### ###.# #.#


You could see 3 killer bees.

Vanquished Creatures
  A sky beast (D:5)
  A phantom (D:3)
  A centaur (D:5)
  A scorpion (D:5)
  A crimson imp (D:3)
  A quasit (Abyss:1)
  A hound (D:5)
  An orc wizard (D:3)
  A bullfrog skeleton (D:5)
  An iguana (D:5)
  Ijyb (D:3)
  5 worker ants
  Terence (D:2)
  7 gnolls
  5 adders
  A shadow imp (D:6)
  5 worms
  9 leopard geckos
  19 orcs
  5 giant cockroaches
  7 goblins
  8 hobgoblins
  10 jackals
  9 kobolds
  2 quokkas (D:4)
  A ball python (D:5)
  13 bats
  2 frilled lizards
  A leopard gecko skeleton (D:4)
  5 rats
126 creatures vanquished.

Vanquished Creatures (others)
  3 orcs (D:3)
  A quokka (D:3)
  A rat (D:3)
5 creatures vanquished.

Grand Total: 131 creatures vanquished

Notes
Turn   | Place    | Note
-------+----------+-------------------------------------------
     0 | Abyss:1  | McKennaii the Demonspawn Abyssal Knight began the quest for the Orb.
     0 | Abyss:1  | Reached XP level 1. HP: 18/18 MP: 2/2
    40 | Abyss:1  | Noticed a quasit
    52 | Abyss:1  | Killed a quasit
    52 | Abyss:1  | Gained mutation: You have large cloven feet. [demonic ancestry]
    52 | Abyss:1  | Reached XP level 2. HP: 5/24 MP: 2/4
    52 | Abyss:1  | Gained mutation: When hurt, damage is shared between your health and your magic reserves. [demonic ancestry]
    52 | Abyss:1  | Reached XP level 3. HP: 6/29 MP: 2/5
    54 | D:1      | Escaped the Abyss
   143 | D:1      | Reached skill level 2 in Long Blades
   515 | D:1      | Reached skill level 1 in Dodging
   518 | D:1      | Reached ** piety under Lugonu
   805 | D:2      | Reached XP level 4. HP: 26/36 MP: 6/6
  1170 | D:3      | Noticed Ijyb
  1181 | D:3      | Noticed Terence
  1887 | D:3      | Killed Ijyb
  1887 | D:3      | Gained mutation: You regenerate magic rapidly. [demonic ancestry]
  1887 | D:3      | Reached XP level 5. HP: 5/42 MP: 3/7
  1978 | D:3      | Reached skill level 3 in Long Blades
  2293 | D:2      | Killed Terence
  2293 | D:2      | Reached *** piety under Lugonu
  2542 | D:3      | Found a white marble altar of Elyvilon.
  2854 | D:2      | Gained mutation: You are slightly more attuned to the shadows. [demonic ancestry]
  2854 | D:2      | Reached XP level 6. HP: 23/48 MP: 8/8
  3210 | D:3      | Reached skill level 4 in Long Blades
  3752 | D:3      | Gained mutation: You are somewhat resistant to further mutation. [potion of mutation]
  3752 | D:3      | Gained mutation: You have a beak for a mouth. [potion of mutation]
  4175 | D:4      | Noticed VanClaymore's ghost (amateur MfGl)
  4775 | D:3      | Gained mutation: You have sharp fingernails. [demonic ancestry]
  4775 | D:3      | Reached XP level 7. HP: 46/54 MP: 9/9
  4987 | D:4      | Found a glowing golden altar of the Shining One.
  5011 | D:5      | Entered Level 5 of the Dungeon
  5042 | D:5      | HP: 2/55 [poisoned by a scorpion]
  5050 | D:5      | HP: 2/55 [poisoned by a scorpion]
  5459 | D:5      | Reached **** piety under Lugonu
  5472 | D:5      | Found a staircase to the Ecumenical Temple.
  5631 | D:5      | Reached skill level 5 in Long Blades
  6174 | D:5      | HP: 2/55 [killer bee (2)]
  6175 | D:5      | Succumbed to a killer bee's poison

Skill      XL: |  1  2  3  4  5  6  7 |
---------------+----------------------+-----
Armour         | 2 3 4 |  4.6
Invocations    | 3 |  3.2
Long Blades    | 2 3 4 5 |  5.1
Dodging        | 1 2 |  2.7
Fighting       | 4 |  4.9
Stealth        | |  0.4

Action                   |  1- 3 |  4- 6 |  7- 9 || total
-------------------------+-------+-------+-------++-------
Melee: Falchion          |   102 |   386 |   126 ||   614
       Kick              |    15 |   116 |    34 ||   165
       Peck              |       |    18 |    20 ||    38
  Use: Potion            |       |     2 |     2 ||     4
  Eat: Chunk             |       |    10 |     3 ||    13
       Beef jerky        |       |     1 |     1 ||     2
       Pizza             |       |     1 |       ||     1
Armor: Leather armour    |    61 |    50 |       ||   111
       Scale mail        |       |    38 |    60 ||    98
Dodge: Dodged            |    82 |   234 |    85 ||   401
       Rpst.: Falchion   |    26 |    85 |    26 ||   137
